 Dungeon Crawl Stone Soup version 0.30-a0-42-g806c11bf1d (webtiles) character file.

Game seed: 1361477928619328962

158 drugrobin the Sneak (level 4, 0/60 HPs)
             Began as a Demigod Delver on Aug 30, 2022.
             Slain by a gnoll
             ... wielding a +0 spear
              (4 damage)
             ... on level 3 of the Dungeon.
             The game lasted 00:07:34 (3574 turns).

drugrobin the Sneak (Demigod Delver)                Turns: 3574, Time: 00:07:34

Health: 0/60       AC: 22    Str: 17    XL:     4   Next: 94%
Magic:  6/6        EV:  2    Int: 12    God:
Gold:   208        SH:  0    Dex: 21    Spells: 3/3 levels left

rFire   + . .      SeeInvis .    a - +6 dagger "Newtbane" {pain, rF+ rC+ Will+}
rCold   + . .      Faith    .    (no shield)
rNeg    . . .      Spirit   .    (body armour currently unavailable)
rPois   +          Reflect  .    (helmet currently unavailable)
rElec   .          Harm     .    (cloak currently unavailable)
rCorr   .          Rampage  .    (gloves currently unavailable)
Will    +....      NoTele   +    (boots currently unavailable)
Stlth   +++.......               y - amulet of magic regeneration
HPRegen 0.20/turn                q - +6 ring of dexterity
MPRegen 0.50/turn                (no ring)

@: tree-form
A: stationary, stasis, torment immunity, boosted hp, high MP 1, forlorn, divine
attributes
a: no special abilities


You were on level 3 of the Dungeon.
You were a tree.
You visited 1 branch of the dungeon, and saw 5 of its levels.

You collected 278 gold pieces.
You spent 70 gold pieces at shops.

Inventory:

Hand Weapons
 a - the +6 dagger "Newtbane" (weapon) {pain, rF+ rC+ Will+}
   (You found it on level 4 of the Dungeon)

   In the hands of one skilled in necromantic magic, it inflicts extra damage on
   living creatures.
   rF:        It protects you from fire.
   rC:        It protects you from cold.
   Will:      It increases your willpower.
 l - a +0 falchion
Missiles
 o - 7 poisoned darts (quivered)
 r - 2 boomerangs
 w - 7 javelins
Armour
 b - a +0 leather armour (melded)
 j - a +0 ring mail
Jewellery
 q - a +6 ring of dexterity (left branch)
 y - an amulet of magic regeneration (around neck)
Wands
 g - a wand of digging (3)
Scrolls
 c - a scroll of fog
 d - 2 scrolls of magic mapping
 e - 3 scrolls of fear
 h - a scroll of immolation
 k - a scroll of amnesia
 n - 2 scrolls of teleportation
 p - a scroll of summoning
 u - a scroll of brand weapon
 v - a scroll of butterflies
Potions
 f - a potion of haste
 s - a potion of lignification
 t - a potion of heal wounds {unknown}


   Skills:
 + Level 4.2 Fighting
 - Level 3.6 Long Blades
 - Level 1.7 Dodging
 - Level 4.5 Stealth


You had 3 spell levels left.
You didn't know any spells.
Your spell library was empty.

Dungeon Overview and Level Annotations

Branches:
Dungeon (5/15)
 Temple: D:4-7

Shops:
D:2 *


Innate Abilities, Weirdness & Mutations

You are a tree.
Your roots penetrate the ground, keeping you stationary.
You cannot be teleported.
You are immune to unholy pain and torment.
Your maximum health is greatly increased.
Your equipment is partially melded.
You have an increased reservoir of magic. (+10% MP)
You shall have no god before yourself.
Your divine heritage dramatically boosts your attributes as you level up.


Message History

Unknown command.
You feel better. The gnoll hits you with a +0 spear.
Unknown command.
Unknown command.
You hit the gnoll.
The gnoll is lightly wounded.
The gnoll hits you with a +0 spear.
* * * LOW HITPOINT WARNING * * *
Unknown command.
Unknown command.
Unknown command.
You barely miss the gnoll.
The gnoll is lightly wounded.
The gnoll hits you with a +0 spear.
* * * LOW HITPOINT WARNING * * *
Unknown command.
Unknown command.
Unknown command.
Press: ? - help, v - describe, . - travel
Here: a gnoll, wielding a +0 spear and quivering 2 throwing nets (lightly wounded)
The floor.
Unknown command.
Unknown command.
Unknown command.
Unknown command.
You barely miss the gnoll.
The gnoll is lightly wounded.
The gnoll hits you with a +0 spear.
* * * LOW HITPOINT WARNING * * *
Unknown command.
Unknown command.
Unknown command.
It was a potion of lignification.
You turn into a tree.
Your +0 leather armour melds into your body.
Your roots penetrate the ground.
The gnoll hits you but does no damage.
Unknown command.
Unknown command.
It was a potion of magic.
Magic courses through your body. The gnoll hits you with a +0 spear.
You die...

#..# #........# #...... #..#
#..#####.######.##### #..#
#..# #.....<..#####
########..###..#
#....÷........
#...........gg.#
#.############
#.######..####g#####.# # #.#
#......>......# # #.#
#.########g(### # #.###
##.......)♣..# #
#...###.......###..##########
#
#.#.....###...###...........#
#
#...##..#.......##.########.#
#..###..#...............# #.#
#.)# #..#.....>.#..####.# #.#
#..# #...............##.# #.#
#..# ##.###...###.##.##.# #.#
#..# #.# ##### #.##.##.###.#


You could see a gnoll.

Vanquished Creatures
  A centaur skeleton (D:5)
  2 gnolls (D:3)
  3 adders
  An ufetubus (D:4)
  An adder zombie (D:5)
  A dart slug (D:2)
  An orc (D:4)
  11 ball pythons
  9 endoplasms
  5 giant cockroaches
  6 goblins
  6 hobgoblins
  3 jackals (D:1)
  2 quokkas (D:2)
  3 bats
  A frilled lizard (D:1)
  7 kobolds
  4 rats
67 creatures vanquished.

Vanquished Creatures (others)
  A fungus (D:1)
1 creature vanquished.

Grand Total: 68 creatures vanquished

Notes
Turn   | Place    | Note
-------+----------+-------------------------------------------
     0 | D:5      | drugrobin the Demigod Delver began the quest for the Orb.
     0 | D:5      | Reached XP level 1. HP: 18/18 MP: 3/3
    95 | D:5      | Noticed a jelly
   137 | D:5      | Reached XP level 2. HP: 11/25 MP: 4/4
   313 | D:5      | Noticed a phantom
   387 | D:4      | Reached XP level 3. HP: 20/30 MP: 5/5
   805 | D:4      | Noticed a scorpion
   865 | D:4      | Identified the +6 dagger "Newtbane" {pain, rF+ rC+ Will+}
  1997 | D:2      | Reached XP level 4. HP: 33/38 MP: 6/6
  2869 | D:2      | Found Podyar's General Store.
  2877 | D:2      | Bought a potion of curing for 42 gold pieces
  2877 | D:2      | Bought a scroll of identify for 28 gold pieces
  3572 | D:3      | HP: 2/40 [gnoll/+0 spear (4)]
  3574 | D:3      | Slain by a gnoll

Illustrated notes

Levels and vault maps discovered:
D:1:      psy_arrival_wood_between_worlds, layout_loops_cross,
          shapermc_ecumenical_altar_gd, minmay_domino_4
D:2:      layout_loops_ring, serial_shops, nicolae_diamond_shop,
          palyth_stone_intersect, corexii_corridor_pit, kennysheep_crisscross,
          minmay_misc_feat_pillars
D:3:      layout_loops_ring, chequers_serial_rivers_room_a
D:4:      layout_cave_pools, mainiacjoe_overflow_chevrons
D:5:      layout_loops_ring, serial_undead, serial_undead_f, serial_undead_a,
          serial_undead_d, serial_undead_c, dreamdust_princess_bridge,
          dilly_guarded_unrand_devastator

Skill      XL: |  1  2  3  4 |
---------------+-------------+-----
Long Blades    | 3 |  3.6
Fighting       | 3 4 |  4.2
Dodging        | |  1.7
Stealth        | |  4.5

Action                   |  1- 3 |  4- 6 || total
-------------------------+-------+-------++-------
Melee: Falchion          |    36 |       ||    36
       Punch             |     1 |     1 ||     2
       Dagger            |    58 |    75 ||   133
Throw: Dart              |       |     5 ||     5
  Use: Scroll            |       |     6 ||     6
       Potion            |       |     4 ||     4
 Stab: Sleeping          |     5 |    12 ||    17
Armor: Leather armour    |    24 |    11 ||    35
       Ring mail         |     6 |       ||     6
       Skin              |       |     1 ||     1
Dodge: Dodged            |    62 |    26 ||    88

Table legend: (Time is in decaauts)
 A = Elapsed time spent in this place.
 B = Non-inter-level travel time spent in this place.
 C = Inter-level travel time spent in this place.
 D = Time resting spent in this place.
 E = Time spent auto-exploring this place.
 F = Levels seen in this place.
 G = Mean time per level.
                   A        B        C        D        E       F      G
               +--------+--------+--------+--------+--------+-----+--------+
         Total |   3564 |   3460 |    104 |    611 |   1939 |   5 |  712.8 |
       Dungeon |   3564 |   3460 |    104 |    611 |   1939 |   5 |  712.8 |
               +--------+--------+--------+--------+--------+-----+--------+

Top non-repeatable levels by time:
     D:3: 977 daAuts
     D:1: 788 daAuts
     D:2: 758 daAuts
     D:4: 654 daAuts
     D:5: 386 daAuts
